[Event "International chess holiday K11"]
[Site "?"]
[Date "2017.07.17"]
[Round "3"]
[White "Hibberd, Nigel"]
[Black "Mejzr, Jan"]
[Result "1-0"]
[ECO "A05"]
[WhiteElo "1866"]
[BlackElo "1901"]
[Annotator "Koller,Martin"]
[PlyCount "82"]
[TimeControl "240+2"]

{279MB} 1. Nf3 c5 2. g3 Nc6 3. Bg2 Nf6 4. O-O d6 5. d3 g6 6. e4 Bg7 7. c3 O-O
8. Be3 Ng4 9. Nbd2 Nxe3 10. fxe3 Bh6 11. Qe2 Bg4 12. d4 Qc7 13. a3 a5 14. Rae1
a4 15. h3 Bd7 16. Rf2 Na5 17. e5 Ra6 18. Ne4 Rb6 19. exd6 exd6 20. Nf6+ Kh8 21.
Nd5 Qd8 22. Nxb6 Qxb6 23. dxc5 Qxc5 24. Qd3 Re8 25. e4 Nc4 26. Nd4 Ne5 27. Qd1
Qb6 28. Qe2 Rc8 29. Kh2 Kg8 30. Rd1 Qd8 31. Nf3 Nc4 32. Qd3 Qb6 33. Re2 Nxb2
34. Qxd6 Qxd6 35. Rxd6 Be6 36. Rxb2 Rxc3 37. Nd4 Rxa3 38. Nxe6 fxe6 39. Rxb7
Bf8 40. Rb8 Ra2 41. Rdd8 Rf2 1-0

[Event "International chess holiday K11"]
[Site "?"]
[Date "2017.07.17"]
[Round "3"]
[White "Pokorny, Jan"]
[Black "Schubert, Gerhard"]
[Result "1-0"]
[ECO "A25"]
[WhiteElo "1835"]
[BlackElo "2011"]
[Annotator "Koller,Martin"]
[PlyCount "129"]
[TimeControl "240+2"]

{279MB} 1. c4 e5 2. g3 Nc6 3. Bg2 d6 4. Nc3 Be6 5. d3 Qd7 6. a3 a5 7. Qa4 Be7
8. e3 Nf6 9. Nd5 Bd8 10. Qb5 Ra7 11. Ne2 Bh3 12. O-O h5 13. Nxf6+ gxf6 14. Qd5
h4 15. Bxh3 Qxh3 16. Qg2 Qf5 17. e4 Qh5 18. g4 h3 19. gxh5 hxg2 20. Kxg2 Be7
21. Be3 Ra8 22. Ng3 Kd7 23. h6 Bf8 24. Nf5 Ne7 25. Nxe7 Kxe7 26. b4 a4 27. c5
Bxh6 28. cxd6+ cxd6 29. Rac1 Rag8+ 30. Kf3 Bxe3 31. Kxe3 Kd7 32. b5 Rh3+ 33.
Ke2 Rxh2 34. b6 Rc8 35. Rxc8 Kxc8 36. Rc1+ Kd7 37. Rc7+ Ke6 38. Rxb7 Rh1 39.
Ra7 Rb1 40. b7 Rb2+ 41. Ke3 Rb3 42. Rxa4 Rxb7 43. f4 f5 44. fxe5 fxe4 45. Kxe4
dxe5 46. Ra6+ Kd7 47. Kxe5 Rb5+ 48. Kd4 Rb1 49. Kd5 Rb5+ 50. Kc4 Rb7 51. a4
Rc7+ 52. Kd5 Rb7 53. d4 Rc7 54. Ke5 Rb7 55. d5 Rb1 56. Ra7+ Ke8 57. a5 Re1+ 58.
Kd6 f5 59. Ra8+ Kf7 60. a6 Ra1 61. a7 Kg7 62. Ke5 Ra2 63. d6 f4 64. d7 Re2+ 65.
Kxf4 1-0

[Event "International chess holiday M11"]
[Site "?"]
[Date "2017.07.18"]
[Round "4"]
[White "Schafer, Sven"]
[Black "Lakovic, Igor"]
[Result "1/2-1/2"]
[ECO "C07"]
[WhiteElo "1996"]
[BlackElo "2023"]
[Annotator "Koller,Martin"]
[PlyCount "20"]
[TimeControl "240+2"]

{279MB} 1. e4 e6 2. d4 d5 3. Nd2 a6 4. Bd3 c5 5. dxc5 Bxc5 6. Ngf3 Nc6 7. a3
Nf6 8. O-O dxe4 9. Nxe4 Nxe4 10. Bxe4 Qxd1 1/2-1/2

[Event "International chess holiday M11"]
[Site "?"]
[Date "2017.07.18"]
[Round "4"]
[White "Doering, Robert"]
[Black "Stein, Robert"]
[Result "1/2-1/2"]
[ECO "B22"]
[WhiteElo "2131"]
[BlackElo "2203"]
[Annotator "Koller,Martin"]
[PlyCount "69"]
[TimeControl "240+2"]

{279MB} 1. e4 c5 2. c3 Nf6 3. e5 Nd5 4. d4 cxd4 5. Nf3 d6 6. cxd4 e6 7. Nc3 Nc6
8. Bb5 Be7 9. O-O O-O 10. Qe2 dxe5 11. Bxc6 bxc6 12. Nxe5 Nxc3 13. bxc3 Qc7 14.
Bf4 Bd6 15. Qf3 f6 16. Nd3 e5 17. Bg3 exd4 18. cxd4 Ba6 19. Rfc1 Bxg3 20. hxg3
Bxd3 21. Qxd3 Rad8 22. Qb3+ Rf7 23. Rc4 Rd6 24. Rac1 Qd7 25. Rb4 g6 26. a4 Rxd4
27. Rxd4 Qxd4 28. Rxc6 Kg7 29. Rc8 Qd7 30. Rb8 Qc7 31. Kh2 Qc1 32. f4 Qc7 33.
Qb4 Qd7 34. a5 Qg4 35. Qc5 1/2-1/2

[Event "International chess holiday M11"]
[Site "?"]
[Date "2017.07.18"]
[Round "4"]
[White "Chavannes, Ivar"]
[Black "Arndt, Stefan"]
[Result "0-1"]
[ECO "A87"]
[WhiteElo "2139"]
[BlackElo "2226"]
[Annotator "Koller,Martin"]
[PlyCount "112"]
[TimeControl "240+2"]

{279MB} 1. d4 f5 2. g3 Nf6 3. Bg2 g6 4. Nf3 Bg7 5. O-O O-O 6. b3 d6 7. Bb2 c6
8. c4 Qc7 9. Na3 Na6 10. Rc1 Nb4 11. Nc2 Nxc2 12. Rxc2 Bd7 13. d5 e5 14. dxc6
Bxc6 15. c5 dxc5 16. Bxe5 Qa5 17. Qd6 Ne4 18. Qe6+ Rf7 19. Bxg7 Re8 20. Qc4
Kxg7 21. h4 Bb5 22. b4 Qa4 23. Qb3 Qxb3 24. axb3 cxb4 25. Nd4 Ba6 26. Ra1 Nc3
27. e3 Kf6 28. Ra5 Re5 29. Rxe5 Kxe5 30. Rd2 Rc7 31. Nc2 Na2 32. Rd5+ Kf6 33.
Nd4 Rc1+ 34. Kh2 Nc3 35. Rd7 Nd1 36. Bd5 Nxf2 37. Nf3 Ng4+ 38. Kg2 Nxe3+ 39.
Kf2 Nxd5 40. Rxd5 Rc2+ 41. Nd2 Rc3 42. Rd4 Rd3 43. Rxd3 Bxd3 44. Ke3 Bb5 45.
Kd4 b6 46. Nf3 h6 47. Kd5 g5 48. Nd4 Be8 49. Nc2 a5 50. Nd4 a4 51. Kc4 Bf7+ 52.
Kxb4 axb3 53. Kc3 Bd5 54. Ne2 Ke5 55. Kd3 Bf3 56. Nc3 Be4+ 0-1

[Event "International chess holiday M11"]
[Site "?"]
[Date "2017.07.18"]
[Round "4"]
[White "Simecek, Bohumil"]
[Black "Tripolsky, Eugen"]
[Result "0-1"]
[ECO "A89"]
[WhiteElo "2105"]
[BlackElo "2304"]
[Annotator "Koller,Martin"]
[PlyCount "144"]
[TimeControl "240+2"]

{279MB} 1. d4 f5 2. g3 Nf6 3. Bg2 g6 4. c4 Bg7 5. Nc3 O-O 6. Nf3 d6 7. O-O Nc6
8. d5 Na5 9. Nd2 c5 10. Qc2 Rb8 11. b3 a6 12. Bb2 b5 13. Rab1 e5 14. dxe6 Bxe6
15. Nd5 Bxd5 16. cxd5 Rc8 17. Rfe1 c4 18. b4 c3 19. Bxc3 Ng4 20. bxa5 Rxc3 21.
Qd1 Qxa5 22. h3 Ne5 23. Nb3 Qb6 24. Nd4 Nd3 25. exd3 Qxd4 26. Rb3 Rc7 27. Qd2
Be5 28. Kh2 Rfc8 29. Re2 f4 30. Re4 Rc2 31. Qxc2 Rxc2 32. Rxd4 Bxd4 33. gxf4
Rxa2 34. Rb4 Bxf2 35. Re4 Kf7 36. Re6 Bc5 37. Kg3 b4 38. Be4 b3 39. d4 Bb4 40.
f5 gxf5 41. Bxf5 b2 42. Re3 h6 43. Rb3 Ra3 44. Rxa3 Bxa3 45. Kf3 Kf6 46. Bd3
Bb4 47. Ke2 Bc3 48. Kd1 a5 49. Kc2 Bxd4 50. Be2 Ke5 51. Bf3 a4 52. Kb1 a3 53.
Ka2 Bc5 54. Kb1 Kd4 55. Ka2 Kc3 56. Be4 Kd2 57. Kb1 Ke3 58. Bf5 Kd4 59. Be6 Kc4
60. Ka2 Kc3 61. Bf5 Kd2 62. Kb1 Bd4 63. Be6 Kc3 64. Ka2 Kc4 65. Bg4 Bc5 66. Kb1
Kd4 67. Bf3 Ke3 68. Bg4 Bb4 69. Bf5 Kd4 70. Be6 Kc4 71. Ka2 b1=Q+ 72. Kxb1 Kb3
0-1

[Event "International chess holiday M11"]
[Site "?"]
[Date "2017.07.18"]
[Round "4"]
[White "Chudinowskikh, Alexander"]
[Black "Vetrovsky, Michal"]
[Result "1-0"]
[ECO "D15"]
[WhiteElo "2238"]
[BlackElo "2100"]
[Annotator "Koller,Martin"]
[PlyCount "72"]
[TimeControl "240+2"]

{279MB} 1. Nf3 d5 2. d4 c6 3. c4 Nf6 4. Nc3 a6 5. g3 g6 6. Bg2 Bg7 7. O-O O-O
8. Ne5 dxc4 9. Nxc4 Be6 10. b3 Nbd7 11. e4 b5 12. Ne3 Nb6 13. Bb2 Qd7 14. Rc1
Rac8 15. e5 Nfd5 16. Ne4 Nxe3 17. fxe3 Qa7 18. Nc5 Bd7 19. Qf3 Be8 20. Bh3 Rd8
21. Kh1 Nd5 22. e4 Nc7 23. Rfd1 e6 24. b4 a5 25. bxa5 Na6 26. Nb3 Qc7 27. Bg2
Bd7 28. Qe2 Rc8 29. Nc5 Nxc5 30. dxc5 Ra8 31. Qd2 Ra7 32. a3 Rc8 33. Bc3 Be8
34. h4 h5 35. Qd6 Qb7 36. Bb4 Raa8 neèitelné 1-0

[Event "International chess holiday K11"]
[Site "?"]
[Date "2017.07.18"]
[Round "4"]
[White "Hibberd, Nigel"]
[Black "Hadzala, Daniel"]
[Result "0-1"]
[ECO "A46"]
[WhiteElo "1866"]
[BlackElo "2107"]
[Annotator "Koller,Martin"]
[PlyCount "102"]
[TimeControl "240+2"]

{279MB} 1. Nf3 Nf6 2. g3 d6 3. d4 Nbd7 4. Bg5 e5 5. Nbd2 Be7 6. e4 O-O 7. Bg2
Re8 8. O-O h6 9. Be3 Ng4 10. c3 Nxe3 11. fxe3 c6 12. Qb3 Rf8 13. Rad1 Qc7 14.
c4 Bf6 15. Qc2 b6 16. b3 Bb7 17. Nb1 Rac8 18. Nc3 a6 19. Bh3 Rcd8 20. d5 c5 21.
Rf2 Bc8 22. Rdf1 Bg5 23. Nxg5 hxg5 24. Qe2 Nf6 25. Bxc8 Qxc8 26. Rf5 Nh7 27.
Nd1 g6 28. R5f2 g4 29. Qd3 Ng5 30. Kh1 Kg7 31. Nc3 Rh8 32. Ne2 Rh7 33. Ng1 Rdh8
34. Qe2 Kg8 35. Qc2 Qd7 36. Rg2 Kg7 37. Rff2 Rf8 38. Qb1 f5 39. exf5 gxf5 40.
Qe1 Ne4 41. Rc2 Rfh8 42. Rge2 Kg6 43. Rg2 Rb8 44. Ne2 b5 45. Nc3 Ng5 46. e4
bxc4 47. exf5+ Qxf5 48. bxc4 Rb4 49. Rgf2 Nf3 50. Qe4 Qxe4 51. Nxe4 Rb1+ 0-1

[Event "International chess holiday K11"]
[Site "?"]
[Date "2017.07.18"]
[Round "4"]
[White "Riedl, Maximilian"]
[Black "Klima, Matej"]
[Result "1-0"]
[ECO "B20"]
[WhiteElo "1988"]
[BlackElo "1874"]
[Annotator "Koller,Martin"]
[PlyCount "57"]
[TimeControl "240+2"]

{279MB} 1. e4 c5 2. Nf3 g6 3. c4 Bg7 4. Nc3 Nc6 5. Be2 Nf6 6. O-O Nd4 7. d3
Nxe2+ 8. Qxe2 O-O 9. h3 d6 10. Be3 b6 11. Qd2 Re8 12. Bh6 Bh8 13. Rad1 Bb7 14.
Rfe1 Rc8 15. Nh2 e6 16. Bg5 Qd7 17. g4 Qc6 18. Bxf6 Bxf6 19. g5 Bg7 20. Ng4 h5
21. gxh6 f5 22. hxg7 fxg4 23. Qh6 Rc7 24. Qh8+ Kf7 25. hxg4 Rg8 26. Re3 Rcc8
27. Rf3+ Ke7 28. Qh4+ Ke8 29. Nd5 1-0

[Event "International chess holiday K11"]
[Site "?"]
[Date "2017.07.18"]
[Round "4"]
[White "Mejzr, Jan"]
[Black "Schubert, Gerhard"]
[Result "1-0"]
[ECO "B07"]
[WhiteElo "1901"]
[BlackElo "2011"]
[Annotator "Koller,Martin"]
[PlyCount "37"]
[TimeControl "240+2"]

{279MB} 1. e4 d6 2. d4 Nf6 3. Nc3 c6 4. f4 e5 5. dxe5 dxe5 6. Qxd8+ Kxd8 7.
fxe5 Ng4 8. Nf3 Nd7 9. Bf4 Bc5 10. h3 Be3 11. Bg3 Nh6 12. Bd3 Re8 13. Rf1 Ng8
14. Ke2 Bh6 15. Bc4 f6 16. e6 Ne5 17. Rad1+ Ke7 18. Nxe5 fxe5 19. Rf7# 1-0

[Event "International chess holiday K11"]
[Site "?"]
[Date "2017.07.18"]
[Round "4"]
[White "Schaefer, Martin"]
[Black "Vesely, Jaromir"]
[Result "1/2-1/2"]
[ECO "D11"]
[WhiteElo "2001"]
[BlackElo "2059"]
[Annotator "Koller,Martin"]
[PlyCount "135"]
[TimeControl "240+2"]

{279MB} 1. d4 d5 2. c4 c6 3. Nf3 Nf6 4. Qc2 g6 5. e3 Bf5 6. Bd3 Bxd3 7. Qxd3
Bg7 8. O-O O-O 9. b3 e6 10. Nbd2 Nbd7 11. Bb2 Qa5 12. a3 b5 13. Ne5 Nxe5 14.
dxe5 bxc4 15. bxc4 Nd7 16. f4 Rab8 17. Rfb1 Qa6 18. a4 Nb6 19. Ba3 Rfd8 20. Be7
Rd7 21. Bf6 dxc4 22. Qe2 Rd3 23. Ne4 Qa5 24. Bxg7 Kxg7 25. Nd6 Qc5 26. Kf2 Rf8
27. Rc1 Qd5 28. Rc2 f6 29. a5 Nd7 30. exf6+ Rxf6 31. Ne8+ Kf7 32. Nxf6 Nxf6 33.
h3 Ne4+ 34. Kg1 c3 35. Rac1 c5 36. a6 c4 37. Qf3 Rd2 38. Rxc3 Nxc3 39. Rxc3
Rd1+ 40. Kh2 Rd3 41. Rc1 Qxf3 42. gxf3 c3 43. Kg3 Rxe3 44. Kf2 Rd3 45. Ke2 Rd6
46. Rxc3 Rxa6 47. Rc7+ Kg8 48. Ke3 Ra3+ 49. Ke4 a5 50. Ra7 h5 51. h4 a4 52. Ke5
Rxf3 53. Rxa4 Rg3 54. Kf6 Rg4 55. Ke5 Rxh4 56. Ra3 Rh1 57. Rg3 Ra1 58. Ke4 Ra5
59. Rh3 Kg7 60. Rb3 Rf5 61. Rb7+ Kh6 62. Ra7 h4 63. Ra8 Kg7 64. Ra7+ Kh6 65.
Ra8 Kh5 66. Rg8 h3 67. Kf3 g5 68. Rxg5+ 1/2-1/2

[Event "International chess holiday K11"]
[Site "?"]
[Date "2017.07.18"]
[Round "4"]
[White "Rull, Michael"]
[Black "Pokorny, Jan"]
[Result "0-1"]
[ECO "A45"]
[WhiteElo "1805"]
[BlackElo "1835"]
[Annotator "Koller,Martin"]
[PlyCount "49"]
[TimeControl "240+2"]

{279MB} 1. d4 Nf6 2. Bf4 d6 3. e3 Bg4 4. Nf3 g6 5. Nbd2 Bg7 6. h3 Bd7 7. h4 Nc6
8. c3 Nh5 9. Bh2 e5 10. Bc4 O-O 11. Ng5 Na5 12. Be2 h6 13. dxe5 dxe5 14. Nge4
Nf6 15. Nc5 Qe7 16. Nxd7 Nxd7 17. Qa4 Nc6 18. O-O-O Nb6 19. Qc2 a5 20. f4 exf4
21. Bxf4 a4 22. a3 Nd5 23. Nf3 Nxe3 24. Bxe3 Qxe3+ 25. Kb1 neèitelné 0-1

[Event "International chess holiday M11"]
[Site "?"]
[Date "2017.07.18"]
[Round "5"]
[White "Lakovic, Igor"]
[Black "Chavannes, Ivar"]
[Result "0-1"]
[ECO "E41"]
[WhiteElo "2023"]
[BlackElo "2139"]
[Annotator "Koller,Martin"]
[PlyCount "104"]
[TimeControl "240+2"]

{279MB} 1. d4 Nf6 2. c4 e6 3. Nc3 Bb4 4. e3 c5 5. Bd3 Nc6 6. Nf3 d6 7. Bd2 e5
8. d5 Ne7 9. e4 Ng6 10. O-O Nh5 11. Re1 Nhf4 12. Bf1 h6 13. a3 Bxc3 14. Bxc3
Qf6 15. Re3 h5 16. b4 b6 17. bxc5 bxc5 18. Rb1 O-O 19. Qc2 h4 20. Kh1 Bg4 21.
Ng1 Rfb8 22. g3 Nh5 23. Be1 hxg3 24. hxg3 Qg5 25. Bh3 Nf6 26. Reb3 Rxb3 27.
Rxb3 Bxh3 28. Nxh3 Qg4 29. Kh2 Qxe4 30. Qxe4 Nxe4 31. Rb7 Nf8 32. f3 Nf6 33.
Ng5 N8d7 34. Ba5 Kf8 35. Kg2 Ke7 36. g4 a6 37. Nxf7 Kxf7 38. g5 Nxd5 39. cxd5
Ke7 40. Kg3 g6 41. a4 Rc8 42. Ra7 c4 43. Bc3 Rc5 44. Rxa6 Rxd5 45. Bb4 Nc5 46.
Ra8 Nd3 47. Bc3 Nf4 48. Kg4 Rd3 49. Bb4 Nd5 50. Ba5 c3 51. Rc8 c2 52. Kg3 Nc3
0-1

[Event "International chess holiday M11"]
[Site "?"]
[Date "2017.07.18"]
[Round "5"]
[White "Arndt, Stefan"]
[Black "Chudinowskikh, Alexander"]
[Result "0-1"]
[ECO "C56"]
[WhiteElo "2226"]
[BlackElo "2238"]
[Annotator "Koller,Martin"]
[PlyCount "120"]
[TimeControl "240+2"]

{279MB} 1. e4 e5 2. Nf3 Nc6 3. Bc4 Nf6 4. d4 exd4 5. e5 Ng4 6. Qe2 Qe7 7. Bf4
f6 8. exf6 gxf6 9. Nbd2 Qxe2+ 10. Kxe2 Nge5 11. Bb5 Bg7 12. Bxc6 d3+ 13. cxd3
bxc6 14. Nd4 Ba6 15. Bxe5 fxe5 16. Nf5 O-O 17. Nxg7 Kxg7 18. Ne4 Rab8 19. b3 d6
20. Rac1 c5 21. f3 Rb4 22. Ke3 Rd4 23. Rhd1 Rb8 24. g4 Bc8 25. h4 Be6 26. h5
Bd5 27. Ng3 Rf4 28. Rf1 Rbf8 29. Ne4 h6 30. Rf2 a5 31. Rg1 Bxe4 32. dxe4 Kf6
33. g5+ hxg5 34. Rfg2 Ke6 35. Rg3 c6 36. h6 Rh4 37. Rxg5 Rxh6 38. Rg6+ Rf6 39.
Rg8 Rh3 40. Rf1 Rh2 41. Rf2 Rxf2 42. Kxf2 d5 43. Ke3 d4+ 44. Ke2 Rh6 45. Kd3
Rh2 46. Rg6+ Kd7 47. Rg7+ Kd6 48. Rg6+ Kc7 49. Rg5 Rf2 50. Rxe5 Rxf3+ 51. Ke2
Re3+ 52. Kd2 Kd6 53. Re8 c4 54. bxc4 Kc5 55. e5 Kxc4 56. e6 c5 57. e7 Re6 58.
a4 d3 59. Kd1 Re2 60. Ra8 Rxe7 0-1

[Event "International chess holiday M11"]
[Site "?"]
[Date "2017.07.18"]
[Round "5"]
[White "Stein, Robert"]
[Black "Schaefer, Sven"]
[Result "1-0"]
[ECO "E63"]
[WhiteElo "2203"]
[BlackElo "1996"]
[Annotator "Koller,Martin"]
[PlyCount "81"]
[TimeControl "240+2"]

{279MB} 1. d4 Nf6 2. Nf3 g6 3. c4 Bg7 4. g3 O-O 5. Bg2 d6 6. O-O Nc6 7. Nc3 a6
8. Qd3 Nd7 9. Be3 e5 10. Qd2 Nb6 11. b3 Bg4 12. d5 Ne7 13. Bh6 Bxh6 14. Qxh6
Nf5 15. Qd2 Bxf3 16. Bxf3 a5 17. e3 Kg7 18. Be2 Nd7 19. Rab1 Ne7 20. a3 Ng8 21.
b4 axb4 22. axb4 Ngf6 23. Rbc1 Qb8 24. Qb2 Nb6 25. Qb3 c6 26. dxc6 bxc6 27. Bf3
d5 28. cxd5 cxd5 29. Rfd1 e4 30. Be2 Rd8 31. Nb5 Qe5 32. Nd4 Rdc8 33. Rc5 Nfd7
34. Ra5 Rab8 35. Bb5 Qd6 36. Ba6 Rf8 37. Rc1 Nc4 38. Bxc4 Rxb4 39. Qc3 Rxc4 40.
Nf5+ Kg8 41. Qg7# 1-0

[Event "International chess holiday M11"]
[Site "?"]
[Date "2017.07.18"]
[Round "5"]
[White "Tripolsky, Eugen"]
[Black "Doring, Robert"]
[Result "1/2-1/2"]
[ECO "D01"]
[WhiteElo "2304"]
[BlackElo "2131"]
[Annotator "Koller,Martin"]
[PlyCount "114"]
[TimeControl "240+2"]

{279MB} 1. d4 Nf6 2. Nc3 d5 3. Bg5 Nbd7 4. f3 c6 5. e4 e6 6. e5 h6 7. Be3 Ng8
8. f4 Ne7 9. Nf3 Nf5 10. Bf2 c5 11. Ne2 Qb6 12. g4 Nxd4 13. Nexd4 cxd4 14. Bxd4
Bc5 15. Qd2 Bxd4 16. Qxd4 Qxd4 17. Nxd4 a6 18. Bg2 Nb6 19. b3 Bd7 20. a4 Rc8
21. Kd2 Ke7 22. a5 Na8 23. Rhc1 Nc7 24. c4 Rhd8 25. Ke3 g6 26. f5 gxf5 27. gxf5
Rg8 28. Bf3 Bc6 29. Rg1 exf5 30. Nxf5+ Ke6 31. Kf4 dxc4 32. Bxc6 bxc6 33. bxc4
Rxg1 34. Rxg1 Rb8 35. Rd1 Ne8 36. Rd2 Rb1 37. Rd8 Rf1+ 38. Ke4 Re1+ 39. Ne3 Ke7
40. Ra8 f6 41. Rxa6 fxe5 42. Rxc6 Nd6+ 43. Kf3 Kd7 44. Ra6 Rc1 45. Ra7+ Kc6 46.
Rh7 Nxc4 47. Rxh6+ Kc5 48. Nxc4 Rxc4 49. a6 Kd5 50. a7 Ra4 51. Rh7 Ra3+ 52. Kg4
e4 53. Rd7+ Ke6 54. Rb7 e3 55. Kf3 Kf5 56. h3 Kg5 57. Re7 Kf6 1/2-1/2

[Event "International chess holiday K11"]
[Site "?"]
[Date "2017.07.18"]
[Round "5"]
[White "Klima, Matej"]
[Black "Hibberd, Nigel"]
[Result "1-0"]
[ECO "C00"]
[WhiteElo "1874"]
[BlackElo "1866"]
[Annotator "Koller,Martin"]
[PlyCount "53"]
[TimeControl "240+2"]

{279MB} 1. e4 e6 2. d3 g6 3. Nf3 Bg7 4. g3 c6 5. Bg2 d5 6. Nbd2 Ne7 7. O-O O-O
8. Re1 Nd7 9. Qe2 b6 10. h4 Ba6 11. e5 c5 12. Nf1 Rc8 13. Bg5 Re8 14. N1h2 Qc7
15. Ng4 h5 16. Nf6+ Nxf6 17. exf6 Bf8 18. fxe7 Bxe7 19. Bxe7 Rxe7 20. Qe5 Qd7
21. Qg5 Kg7 22. Bh3 Rce8 23. Ne5 Qd6 24. Re3 d4 25. Rf3 Bb7 26. Rxf7+ Rxf7 27.
Qxg6+ 1-0

[Event "International chess holiday K11"]
[Site "?"]
[Date "2017.07.18"]
[Round "5"]
[White "Pokorny, Jan"]
[Black "Schaefer, Martin"]
[Result "0-1"]
[ECO "A21"]
[WhiteElo "1835"]
[BlackElo "2001"]
[Annotator "Koller,Martin"]
[PlyCount "52"]
[TimeControl "240+2"]

{279MB} 1. c4 f5 2. g3 g6 3. Bg2 Bg7 4. Nc3 e5 5. b3 Nf6 6. Bb2 O-O 7. Qc2 Nc6
8. Bxc6 bxc6 9. O-O-O d5 10. Na4 Re8 11. Nc5 a5 12. f4 exf4 13. gxf4 Ba6 14. e3
Qe7 15. Nxa6 Rxa6 16. Ne2 a4 17. cxd5 cxd5 18. Rhg1 Rea8 19. Nd4 c5 20. Nxf5
gxf5 21. Qxf5 Kh8 22. Rg3 axb3 23. a3 Ne8 24. d4 c4 25. Kd2 Nf6 26. Rh3 Qe4 0-1

[Event "International chess holiday K11"]
[Site "?"]
[Date "2017.07.18"]
[Round "5"]
[White "Hadzala, Daniel"]
[Black "Mejzr, Jan"]
[Result "1/2-1/2"]
[ECO "A05"]
[WhiteElo "2107"]
[BlackElo "1901"]
[Annotator "Koller,Martin"]
[PlyCount "56"]
[TimeControl "240+2"]

{279MB} 1. Nf3 c5 2. g3 Nc6 3. Bg2 Nf6 4. O-O g6 5. d3 Bg7 6. Nbd2 O-O 7. e4 d6
8. Re1 Qc7 9. c3 Bg4 10. h3 Bxf3 11. Nxf3 e5 12. Bg5 h6 13. Be3 Rfe8 14. Nh2
Nd7 15. h4 Ne7 16. Rc1 Rad8 17. f4 b5 18. h5 c4 19. d4 Nf8 20. hxg6 fxg6 21.
Bh3 exd4 22. cxd4 d5 23. e5 Nf5 24. g4 Nxe3 25. Rxe3 Ne6 26. f5 Nxd4 27. Qxd4
Bxe5 28. Rxe5 Rxe5 1/2-1/2

[Event "International chess holiday K11"]
[Site "?"]
[Date "2017.07.18"]
[Round "5"]
[White "Vesely, Jaromir"]
[Black "Riedl, Maximilian"]
[Result "1/2-1/2"]
[ECO "D35"]
[WhiteElo "2059"]
[BlackElo "1988"]
[Annotator "Koller,Martin"]
[PlyCount "88"]
[TimeControl "240+2"]

{279MB} 1. d4 d5 2. c4 e6 3. Nc3 Nf6 4. e3 Be7 5. f4 b6 6. cxd5 Nxd5 7. Nf3 Bb7
8. Bd3 Nd7 9. O-O Nxc3 10. bxc3 Nf6 11. Qc2 h6 12. e4 c5 13. Bb5+ Kf8 14. Bd3
cxd4 15. cxd4 Qc8 16. Qe2 Nd7 17. Bd2 Qd8 18. Rad1 Kg8 19. Bc3 Rc8 20. Ba1 Nf8
21. Ne5 f6 22. Ng4 h5 23. Ne3 g6 24. f5 exf5 25. exf5 g5 26. Bc4+ Kg7 27. Be6
Rc7 28. d5 Bd6 29. h4 gxh4 30. Rd4 Nd7 31. Rxh4 Ne5 32. Bxe5 Bxe5 33. Rxh5 Rxh5
34. Qxh5 Qh8 35. Qxh8+ Kxh8 36. Rd1 Bd6 37. Ng4 Kg7 38. Nf2 Rc4 39. g3 Ba6 40.
Kg2 Rc2 41. Rd4 Rxa2 42. Rg4+ Kh7 43. Rh4+ Kg7 44. Rg4+ Kh7 1/2-1/2

[Event "International chess holiday K11"]
[Site "?"]
[Date "2017.07.18"]
[Round "5"]
[White "Schubert, Gerhard"]
[Black "Rull, Michael"]
[Result "0-1"]
[ECO "B23"]
[WhiteElo "2011"]
[BlackElo "1805"]
[Annotator "Koller,Martin"]
[PlyCount "49"]
[TimeControl "240+2"]

{279MB} 1. e4 c5 2. Nc3 Nc6 3. d3 g6 4. Be3 Bg7 5. Qd2 Nd4 6. Nge2 d6 7. Nd1 e5
8. c3 Ne6 9. g3 d5 10. Qc2 c4 11. dxc4 d4 12. Qb3 dxe3 13. Nxe3 Nf6 14. Qb5+
Bd7 15. Qxe5 O-O 16. Rd1 Ng4 17. Qd6 Ng5 18. Nf4 Nxe3 19. fxe3 Bg4 20. Be2 Bxe2
21. Kxe2 Nxe4 22. Qb4 Qc8 23. Kf3 Qf5 24. Rd5 Ng5+ 25. Ke2 0-1

[Event "International chess holiday M11"]
[Site "?"]
[Date "2017.07.19"]
[Round "6"]
[White "Tripolsky, Eugen"]
[Black "Vetrovsky, Michal"]
[Result "1/2-1/2"]
[ECO "C41"]
[WhiteElo "2304"]
[BlackElo "2100"]
[Annotator "Koller,Martin"]
[PlyCount "70"]
[TimeControl "240+2"]

{279MB} 1. e4 e5 2. Nf3 Nc6 3. Bc4 Be7 4. d4 d6 5. dxe5 Nxe5 6. Nxe5 dxe5 7.
Qh5 g6 8. Qxe5 Nf6 9. Bh6 Qd6 10. Qxd6 cxd6 11. Nc3 Be6 12. Bb5+ Nd7 13. O-O-O
a6 14. Bxd7+ Kxd7 15. Nd5 Bxd5 16. Rxd5 Rhc8 17. Rhd1 Rc6 18. Bf4 Rac8 19. c3
Ke6 20. Bg3 g5 21. e5 Rc5 22. Rxc5 dxc5 23. c4 Rd8 24. Re1 Rd4 25. b3 g4 26.
Kc2 h5 27. f3 gxf3 28. gxf3 h4 29. Bf2 Rf4 30. Re3 Rf5 31. Kd3 Bg5 32. Re2
Rxf3+ 33. Ke4 Rf4+ 34. Kd3 Rf3+ 35. Ke4 Rf4+ 1/2-1/2

[Event "International chess holiday M11"]
[Site "?"]
[Date "2017.07.19"]
[Round "6"]
[White "Chudinowskikh, Alexander"]
[Black "Lakovic, Igor"]
[Result "1-0"]
[ECO "C11"]
[WhiteElo "2238"]
[BlackElo "2023"]
[Annotator "Koller,Martin"]
[PlyCount "76"]
[TimeControl "240+2"]

{279MB} 1. e4 e6 2. d4 d5 3. Nc3 Nf6 4. e5 Nfd7 5. f4 c5 6. Nf3 Nc6 7. Be3 Be7
8. Qd2 O-O 9. O-O-O a6 10. Qf2 cxd4 11. Nxd4 Nxd4 12. Bxd4 f6 13. exf6 Nxf6 14.
Bb6 Qd6 15. g3 Bd7 16. Kb1 Rac8 17. Bd4 b5 18. Bxf6 Bxf6 19. Ne4 Qc7 20. Nxf6+
Rxf6 21. Qd2 a5 22. Bd3 b4 23. Rhe1 Qb6 24. g4 a4 25. f5 b3 26. cxb3 axb3 27.
a3 exf5 28. Re7 Qc6 29. Rc1 Qxc1+ 30. Qxc1 Rxc1+ 31. Kxc1 Rf7 32. Rxf7 Kxf7 33.
Bxf5 Bb5 34. Kd2 d4 35. Bd3 Ba4 36. g5 h6 37. Bc4+ Ke7 38. gxh6 gxh6 1-0

[Event "International chess holiday M11"]
[Site "?"]
[Date "2017.07.19"]
[Round "6"]
[White "Simecek, Bohumil"]
[Black "Arndt, Stefan"]
[Result "0-1"]
[ECO "D36"]
[WhiteElo "2105"]
[BlackElo "2226"]
[Annotator "Koller,Martin"]
[PlyCount "58"]
[TimeControl "240+2"]

{279MB} 1. d4 Nf6 2. c4 e6 3. Nc3 d5 4. cxd5 exd5 5. Bg5 Be7 6. e3 c6 7. Bd3
Nbd7 8. Qc2 h6 9. Bh4 Nh5 10. Bxe7 Qxe7 11. Nf3 Nf4 12. O-O Nxd3 13. Qxd3 O-O
14. Rac1 Re8 15. Na4 Nf8 16. Ne5 Qg5 17. Qe2 f6 18. Nf3 Qh5 19. Rfe1 Ng6 20.
Nc5 Bg4 21. Nd3 Re4 22. h3 Bxh3 23. gxh3 Qxh3 24. Nh2 Nh4 25. f3 Rxe3 26. Qf2
Rxd3 27. Rc3 Rxc3 28. bxc3 Nf5 29. Ng4 h5 0-1

[Event "International chess holiday M11"]
[Site "?"]
[Date "2017.07.19"]
[Round "6"]
[White "Chavannes, Ivar"]
[Black "Stein, Robert"]
[Result "0-1"]
[ECO "D30"]
[WhiteElo "2139"]
[BlackElo "2203"]
[Annotator "Koller,Martin"]
[PlyCount "170"]
[TimeControl "240+2"]

{279MB} 1. d4 Nf6 2. Nf3 e6 3. c4 d5 4. Bg5 Bb4+ 5. Nbd2 h6 6. Bxf6 Qxf6 7.
cxd5 exd5 8. Qa4+ Nc6 9. e3 Bd6 10. Qb5 Qe6 11. Be2 O-O 12. O-O Ne7 13. Qd3 c6
14. Rfe1 Ng6 15. Nf1 Qf6 16. Ng3 Nh4 17. Nxh4 Qxh4 18. Bd1 Bd7 19. Bc2 g6 20.
e4 dxe4 21. Qxe4 Qf6 22. Qe3 Bxg3 23. hxg3 Kg7 24. Qe5 Be6 25. Be4 Rfd8 26.
Qxf6+ Kxf6 27. Red1 Rd7 28. Rd3 Rad8 29. Rad1 Bc4 30. R3d2 Bxa2 31. Ra1 Bc4 32.
Rxa7 Rxd4 33. Rxd4 Rxd4 34. Bf3 Ba6 35. Bxc6 Rb4 36. Bd5 Rxb2 37. Ra8 Rd2 38.
Bb3 Rd3 39. Bc2 Rd7 40. Re8 Bc4 41. Be4 b5 42. Rb8 Rd2 43. f4 Rb2 44. Rb6+ Ke7
45. Rc6 Be6 46. Kf1 Bc4+ 47. Kg1 h5 48. Rc5 Kd6 49. Rc6+ Kd7 50. Rc5 Rd2 51.
Bf3 f5 52. Kh2 Rd6 53. Kh3 Rb6 54. Kh4 Bf7 55. Kg5 b4 56. Rc2 b3 57. Rd2+ Ke7
58. Rb2 Kf8 59. Kh6 Bc4 60. Bd1 Ke7 61. Kg7 Kd7 62. Rd2+ Kc7 63. Rd4 Be6 64.
Rd3 b2 65. Bc2 b1=Q 66. Bxb1 Rxb1 67. Kxg6 Rb2 68. Kxh5 Rxg2 69. Kg5 Bd7 70.
Kf6 Kd8 71. Ra3 Rd2 72. Ra8+ Bc8 73. Ra3 Rd5 74. Re3 Bd7 75. Ra3 Rd6+ 76. Kf7
Be8+ 77. Kg7 Bh5 78. Kf8 Bg4 79. Kf7 Kc7 80. Ke7 Rh6 81. Rc3+ Kb6 82. Kf7 Kb5
83. Kg7 Kb4 84. Re3 Rc6 85. Kf7 Rc3 0-1